 Dungeon Crawl Stone Soup version 0.26-a0-576-gcfaa98f945 (webtiles) character file.

Game seed: 3192701499437977548

390820 Leibowitz the Victor of a Thousand Battles (level 22, -3/156 (157) HPs)
             Began as a Gnoll Gladiator on Aug 10, 2020.
             Was the Champion of Okawaru.
             Slain by a grey draconian monk (5 damage)
             ... summoned by old memories
             ... in a wizard's laboratory on Aug 22, 2020.
             The game lasted 03:41:58 (47038 turns).

Leibowitz the Victor of a Thousand Battles (GnGl)  Turns: 47038, Time: 03:41:58

HP:   -3/156 (157)  AC: 45    Str: 33    XL:     22   Next: 73%
MP:   32/32         EV: 28    Int: 12    God:    Okawaru [******]
Gold: 1513          SH:  0    Dex: 20    Spells: 44/50 levels left

rFire    . . .     SeeInvis .   a - +11 battleaxe of the Butterfly {vamp, rF- Str+7}
rCold    + + +     Faith    +   (shield currently unavailable)
rNeg     + + .     Spirit   .   C - +15 Maxwell's patent armour {-Cast -Tele rElec MR+ rCorr}
rPois    +         Reflect  .   U - +0 helmet "Roinoawn" {rN+ MR+ rCorr}
rElec    +         Harm     .   t - scarf {repulsion}
rCorr    +         NoTele   +   g - +4 pair of gloves of the Loofah {rPois MR+}
MR       +++++     NoCast   +   u - +0 pair of boots of Tinweuj {-Cast rC+++ MR+ rCorr}
Stlth    +++.......             c - amulet of faith
HPRegen  0.36/turn              o - ring "Zasugg" {rF+ EV+4 Str+6}
MPRegen  0.23/turn              y - ring of Compulsion {rPois rN+}

@: heroism, repel missiles
A: distributed training, fangs 1, yellow scales 1, frail 1, low mp 2, screaming
1, weak 1, no potion heal 1, strong nose
}: 3/15 runes: decaying, slimy, gossamer
a: Heroism, Finesse, Renounce Religion


You were in a wizard's laboratory.
You worshipped Okawaru.
Okawaru was exalted by your worship.
You visited 9 branches of the dungeon, and saw 42 of its levels.
You visited 1 bazaar.
You also visited: Sewer, Bailey, Gauntlet and Wizlab.

You collected 5525 gold pieces.
You spent 4012 gold pieces at shops.

Inventory:

Hand Weapons
 a - the +11 battleaxe of the Butterfly (weapon) {vamp, rF- Str+7}
   (You bought it in a shop on level 8 of the Dungeon)

   It inflicts no extra harm, but heals its wielder when it wounds a living foe.
   It affects your strength (+7).
   It makes you vulnerable to fire.
 b - the +4 dagger of Tablul {elec, MR- Str+8 Dex+2 SInv}
   (Okawaru gifted it to you on level 2 of the Elven Halls)

   Occasionally, upon striking a foe, it will discharge some electrical energy
   and cause terrible harm.
   It affects your strength (+8).
   It affects your dexterity (+2).
   It affects your resistance to hostile enchantments.
   It lets you see invisible.
 i - the +2 Maxwell's thermic engine {flame, freeze}
   (You took it off a deep elf high priest on level 3 of the Elven Halls)

   It has been specially enchanted to burn those struck by it, causing extra
   injury to most foes and up to half again as much damage against particularly
   susceptible opponents.
   Big, fiery blades are also staple armaments of hydra-hunters.
   It has been specially enchanted to freeze those struck by it, causing extra
   injury to most foes and up to half again as much damage against particularly
   susceptible opponents.
 j - the +8 mithril axe "Arga" {speed, MR+}
   (You acquired it on level 14 of the Dungeon)

   Attacks with this weapon are significantly faster.
   It affects your resistance to hostile enchantments.
 Q - the +8 war axe of Wyrd {drain, rC+++ rN++ Int-3 Stlth+}
   (You took it off a deep elf sorcerer on level 2 of the Depths)

   A truly terrible weapon, it drains the life of those it strikes.
   It affects your intelligence (-3).
   It renders you almost immune to cold.
   It greatly protects you from negative energy.
   It makes you more stealthy.
Missiles
 L - 2 throwing nets (quivered)
Armour
 g - the +4 pair of gloves of the Loofah (worn) {rPois MR+}
   (You found it on level 6 of the Lair of Beasts)

   It protects you from poison.
   It affects your resistance to hostile enchantments.
 t - a scarf of repulsion (worn)
 u - the +0 pair of boots of Tinweuj (worn) {-Cast rC+++ MR+ rCorr}
   (Okawaru gifted it to you on level 1 of the Elven Halls)

   It renders you almost immune to cold.
   It affects your resistance to hostile enchantments.
   It prevents spellcasting.
   It provides partial protection from all sources of acid and corrosion.
 C - the +15 Maxwell's patent armour (worn) {-Cast -Tele rElec MR+ rCorr}
   (You took it off a minotaur in a Gauntlet)

   It insulates you from electricity.
   It affects your resistance to hostile enchantments.
   It prevents spellcasting.
   It prevents most forms of teleportation.
   It provides partial protection from all sources of acid and corrosion.
 P - the +4 plate armour of the Sacrificial Victim {MR+}
   (You took it off a deep elf high priest on level 3 of the Elven Halls)

   It affects your resistance to hostile enchantments.
 S - a +1 helmet
 U - the +0 helmet "Roinoawn" (worn) {rN+ MR+ rCorr}
   (You found it in a Gauntlet)

   It protects you from negative energy.
   It affects your resistance to hostile enchantments.
   It provides partial protection from all sources of acid and corrosion.
 X - the +0 helmet of the Six Baking Ears {MR+ rCorr Int-3 Dex+3, unknown}
   (Okawaru gifted it to you on level 2 of the Depths)

   It affects your intelligence (-3).
   It affects your dexterity (+3).
   It affects your resistance to hostile enchantments.
   It provides partial protection from all sources of acid and corrosion.
Jewellery
 c - an amulet of faith (around neck)
 d - the ring "Footaq" {MR+ rCorr}
   (You acquired it on level 14 of the Dungeon)

   [ring of resist corrosion]

   It affects your resistance to hostile enchantments.
   It provides partial protection from all sources of acid and corrosion.
 f - a +6 ring of strength
 o - the ring "Zasugg" (left hand) {rF+ EV+4 Str+6}
   (You bought it in a shop on level 2 of the Orcish Mines)

   [ring of evasion]

   It affects your evasion (+4).
   It affects your strength (+6).
   It protects you from fire.
 y - the ring of Compulsion (right hand) {rPois rN+}
   (You found it on level 5 of the Pits of Slime)

   [ring of poison resistance]

   It protects you from poison.
   It protects you from negative energy.
 z - the ring of Afejin {+Inv rF+ MP+9 Int+2 Stlth+}
   (You found it on level 5 of the Pits of Slime)

   [ring of stealth]

   It affects your intelligence (+2).
   It protects you from fire.
   It affects your magic capacity (+9).
   It lets you turn invisible.
   It makes you more stealthy.
 B - a +6 ring of intelligence
 F - a +4 ring of protection {unknown}
 V - a +4 ring of evasion {unknown}
Wands
 D - a wand of acid (9)
 W - a wand of iceblast (9)
Scrolls
 e - 2 scrolls of fog
 n - 32 scrolls of identify
 q - 8 scrolls of enchant armour
 v - 9 scrolls of amnesia
 w - 10 scrolls of remove curse
 E - 4 scrolls of magic mapping
 G - 14 scrolls of teleportation
 H - 5 scrolls of fear
 N - a scroll of brand weapon
 O - a scroll of blinking
 R - 8 scrolls of summoning
 Y - 2 scrolls of holy word
 Z - 4 scrolls of enchant weapon
Potions
 h - 12 potions of curing
 k - 10 potions of might
 l - 10 potions of flight
 m - 6 potions of stabbing
 p - a potion of cancellation
 s - 7 potions of magic
 x - 7 potions of brilliance
 A - a potion of heal wounds
 I - 5 potions of haste
 J - 7 potions of lignification
 K - 6 potions of resistance
 M - 15 potions of ambrosia
 T - a potion of berserk rage
Miscellaneous
 r - a condenser vane (2/2)


   Skills:
 + Level 15.2(20.2) Fighting
 + Level 15.7(20.7) Short Blades
 + Level 14.6(19.6) Long Blades
 + Level 14.6(19.6) Axes
 + Level 14.6(19.6) Maces & Flails
 + Level 14.6(19.6) Polearms
 + Level 14.6(19.6) Staves
 + Level 14.6(19.6) Slings
 + Level 14.6(19.6) Bows
 + Level 14.6(19.6) Crossbows
 + Level 15.2(20.2) Throwing
 + Level 14.6(19.6) Armour
 + Level 15.7(20.7) Dodging
 + Level 14.6(19.6) Stealth
 + Level 14.6(19.6) Shields
 + Level 14.6(19.6) Unarmed Combat
 + Level 14.6 Spellcasting
 + Level 12.6 Conjurations
 + Level 12.6 Hexes
 + Level 12.6 Summonings
 + Level 12.6 Necromancy
 + Level 12.6 Translocations
 + Level 12.6 Transmutations
 + Level 12.6 Fire Magic
 + Level 12.6 Ice Magic
 + Level 12.6 Air Magic
 + Level 12.6 Earth Magic
 + Level 12.6 Poison Magic
 + Level 15.8 Invocations
 + Level 14.6 Evocations


You had 44 spell levels left.
You knew the following spells:

 Your Spells              Type           Power        Failure   Level
a - Sting                 Tmut/Pois      ####         1%          1
b - Blink                 Tloc           N/A          1%          2
c - Mephitic Cloud        Conj/Pois/Air  #####...     1%          3

Your spell library contained the following spells:

 Spells                   Type           Power        Failure   Level
 Animate Skeleton         Necr           #####.       1%          1
 Beastly Appendage        Tmut           #####.       1%          1
 Corona                   Hex            #####..      1%          1
 Foxfire                  Conj/Fire      ####         1%          1
 Freeze                   Ice            ####         1%          1
 Magic Dart               Conj           ####         1%          1
 Pain                     Necr           ####         1%          1
 Sandblast                Erth           #####.       1%          1
 Call Imp                 Summ           #####...     1%          2
 Corpse Rot               Necr/Air       N/A          1%          2
 Ensorcelled Hibernation  Hex/Ice        #####.       1%          2
 Passwall                 Tmut/Erth      #####...     1%          2
 Slow                     Hex            #####...     1%          2
 Sublimation of Blood     Necr           #####.....   1%          2
 Wereblood                Tmut           #####...     1%          2
 Confusing Touch          Hex            #####...     1%          3
 Conjure Flame            Conj/Fire      #####...     1%          3
 Dazzling Flash           Conj/Hex       #####.       1%          3
 Frozen Ramparts          Ice            #####.       1%          3
 Gell's Gravitas          Tloc           #####.....   1%          3
 Inner Flame              Hex/Fire       #####...     1%          3
 Ozocubu's Armour         Ice            #####...     1%          3
 Portal Projectile        Hex/Tloc       #####.       1%          3
 Spider Form              Tmut/Pois      #####.....   1%          3
 Stone Arrow              Conj/Erth      #####.       1%          3
 Tukima's Dance           Hex            #####...     1%          3
 Vampiric Draining        Necr           #####.....   1%          3
 Animate Dead             Necr           #####.....   1%          4
 Cause Fear               Hex            #####.....   1%          4
 Dispel Undead            Necr           #####...     1%          4
 Hailstorm                Conj/Ice       #####...     1%          4
 Ice Form                 Ice/Tmut       #####...     1%          4
 Leda's Liquefaction      Hex/Erth       #####.....   1%          4
 Petrify                  Tmut/Erth      #####...     1%          4
 Summon Ice Beast         Ice/Summ       #####...     1%          4
 Agony                    Necr           #####...     4%          5
 Blade Hands              Tmut           #####.....   4%          5
 Borgnjor's Vile Clutch   Necr/Erth      #####.....   4%          5
 Excruciating Wounds      Necr           #####.....   4%          5
 Lee's Rapid Deconstruct  Erth           #####.....   4%          5
 Lightning Bolt           Conj/Air       #####.....   4%          5
 Metabolic Englaciation   Hex/Ice        #####.....   4%          5
 Yara's Violent Unravell  Hex/Tmut       #####.....   4%          5
 Ozocubu's Refrigeration  Ice            #####.....   24%         6
 Statue Form              Tmut/Erth      #####....    24%         6
 Dragon Form              Tmut           #####.....   78%         7
 Malign Gateway           Summ/Tloc      #####.....   78%         7
 Chain Lightning          Conj/Air       #####.....   100%        8
 Discord                  Hex            #####.....   100%        8
 Disjunction              Tloc           #####.....   100%        8
 Lehudib's Crystal Spear  Conj/Erth      #####.....   100%        8
 Absolute Zero            Ice            #####.....   100%        9
 Dragon's Call            Summ           #####.....   100%        9
 Fire Storm               Conj/Fire      #####.....   100%        9


Dungeon Overview and Level Annotations

Branches:
Dungeon (15/15)            Temple (0/1) D:4            Lair (6/6) D:9
  Swamp (4/4) Lair:3       Spider (4/4) Lair:2        Slime (5/5) Lair:6
    Orc (2/2) D:9             Elf (3/3) Orc:2        Vaults (1/5) D:14
 Depths (2/5) D:15          Sewer (visited)          Bailey (visited)
 WizLab (1/1)             Gauntlet (visited)

Altars:
Cheibriados
Hepliaklqana
Kikubaaqudgha
Nemelex Xobeh
Okawaru
Qazlal
Sif Muna
Trog
Uskayaw
Vehumet
Yredelemnul
Jiyva

Shops:
D:5 :[!!   D:8 (   D:12 [   Orc:2 [*(=   Elf:1 !   Elf:2 }!([   Elf:3 *
Depths:2 ?[!

Portals:
Pandemonium: Depths:2

Annotations:
D:6 exclusion: statue
Lair:1 2 transporters


Innate Abilities, Weirdness & Mutations

Your experience applies equally to all skills.
You have very sharp teeth.
Your uncanny sense of smell can sniff out nearby items.
You are partially covered in yellow scales. (AC +2)
You are frail. (-10% HP)
Your magical capacity is very low. (-20% MP)
You occasionally shout uncontrollably at your foes.
You are weak. (Str -2)
Potions are less effective at restoring your health.


Message History

Unknown command.
You slash the grey draconian monk!
You kill the grey draconian monk!
The grey draconian monk's corpse dissolves into shadows!
You start resting.
Magic restored.
You start resting.
Shadows coalesce into solid form.
The deep troll shouts!
The grey draconian monk roars!
The deep troll shouts!
The grey draconian monk hits you!!
* * * LOW HITPOINT WARNING * * *
The grey draconian monk kicks you.
* * * LOW HITPOINT WARNING * * *
The grey draconian monk completely misses you.
The grey draconian monk misses you.
You closely miss the grey draconian monk.
You cut the grey draconian monk into ribbons!!!
The grey draconian monk is moderately wounded.
The grey draconian monk hits you.
You die...

##...##♣♣.....♣♣♣...
#..∩..'.............
##...##♣............
#####♣.........8...
♣♣...♣........
♣♣♣♣♣♣....... #### #####
####♣.....♣
##....##...###..###'''##
#....Tq@..T.'...........
##....##...###..........
##++ ##'## ###########
#.....# #.....# ##...##
∆∆ ##+##


You could see a grey draconian monk (summoned) and 2 deep trolls.

Vanquished Creatures
  the Royal Jelly (Slime:5)
  Mara (Swamp:3)
  A juggernaut (Depths:2)
  Bai Suzhen (Swamp:4)
  Arachne (Spider:3)
  Jorgrun (Spider:1)
  3 deep elf blademasters
  16 acid blobs
  Frances (Swamp:1)
  A sphinx (Depths:2)
  A deep elf master archer (Elf:3)
  Kirke (Swamp:1)
  2 storm dragons (Elf:1)
  Donald (Spider:2)
  Agnes (Elf:2)
  3 thorn hunters
  A shadow dragon (Depths:2)
  11 azure jellies
  11 deep elf sorcerers
  Aizul (Swamp:3)
  2 fire giants (Depths:2)
  3 orc warlords
  4 emperor scorpions
  8 ghost moths
  2 deep elf elementalists (Elf:3)
  2 stone giants
  7 entropy weavers
  A vampire knight (Depths:1)
  The ghost of Semad the Covert, a journeyman OpCj of Sif Muna (D:12)
  9 deep elf demonologists
  A minotaur (Gauntlet)
  5 deep elf annihilators (Elf:3)
  3 spark wasps
  Azrael (Elf:1)
  A deep elf death mage (Elf:3)
  4 ettins
  11 death oozes
  6 fire dragons
  Erolcha (D:10)
  4 deep elf high priests
  5 great orbs of eyes
  Josephine (Swamp:1)
  Fannar (D:12)
  3 ice dragons
  A shambling mangrove (Swamp:3)
  A hell beast (Depths:2)
  A ghost crab (Swamp:3)
  4 vault guards (D:14)
  A catoblepas (Gauntlet)
  A spriggan air mage (Depths:2)
  A rakshasa (Depths:2)
  Erica (D:9)
  20 hydras
  7 alligators
  An ogre mage (Orc:1)
  8 two-headed ogres
  27 dancing weapons
  2 death knights
  4 orc high priests
  A vampire mage (Depths:2)
  A tengu warrior (Depths:2)
  Nergalle (Orc:1)
  Urug (Orc:2)
  A spriggan berserker (Depths:2)
  Sonja (Lair:3)
  25 deep elf knights
  A spriggan (Swamp:2)
  2 fire crabs (Swamp:4)
  2 skeletal warriors (D:15)
  2 unseen horrors
  A spark wasp zombie (D:15)
  A shadow dragon zombie (D:15)
  7 swamp dragons
  3 deep trolls (Elf:3)
  21 deep elf archers
  Pikel (D:8)
  A necromancer (D:15)
  A wizard (D:14)
  3 flayed ghosts
  56 deep elf magi
  6 orc knights
  3 phantasmal warriors
  2 oklob plants (Spider:1)
  20 orb spiders
  5 orc sorcerers
  A shining eye (shapeshifter) (Elf:3)
  6 ugly things
  3 moths of wrath
  12 elephants
  8 shining eyes
  39 wolf spiders
  3 manticores
  11 cyclopes
  A cyclops (shapeshifter) (Elf:1)
  A rust devil (Depths:2)
  A black mamba (Lair:5)
  Maurice (D:11)
  Joseph (D:7)
  6 eyes of devastation
  A molten gargoyle (Gauntlet)
  4 gargoyles
  2 orange demons (Depths:2)
  26 cane toads
  Maggie (D:9)
  9 komodo dragons
  A yaktaur (shapeshifter) (D:14)
  3 rime drakes
  12 demonic crawlers
  A yaktaur (Depths:2)
  A kobold demonologist (D:14)
  4 freezing wraiths
  2 red devils
  13 hornets
  A queen bee (Orc:1)
  12 trolls
  A meliai (D:14)
  A troll (shapeshifter) (Depths:1)
  Grinder (D:3)
  18 tyrant leeches
  55 jumping spiders
  22 blink frogs
  9 hippogriffs
  5 bog bodies
  An ice dragon zombie (D:15)
  103 slime creatures
  4 water elementals
  3 shadows
  96 redbacks
  50 tarantellas
  6 basilisks
  A deep troll skeleton (D:15)
  42 yaks
  Sigmund (D:2)
  10 wraiths
  5 wyverns
  A human (shapeshifter) (Elf:1)
  6 fire bats (Swamp:4)
  Eustachio (D:5)
  4 hogs (Swamp:1)
  A chaos spawn (Depths:2)
  5 fire elementals
  A steam dragon (D:12)
  10 vampire mosquitoes
  17 swamp worms
  Menkaure (D:4)
  2 acid dragons
  A warg (Orc:1)
  15 insubstantial wisps
  3 hell hounds (Elf:1)
  5 porcupines
  11 water moccasins
  A floating eye (Slime:4)
  Purgy (Sewer)
  25 orc warriors
  5 eyes of draining
  3 ice beasts
  3 black bears
  A sky beast (D:10)
  14 swamp drakes
  A phantom (D:3)
  A necrophage (D:10)
  22 ogres
  7 centaurs
  10 wolves
  14 crocodiles
  A crocodile (shapeshifter) (D:13)
  3 big kobolds
  Blork the orc (D:5)
  6 earth elementals
  29 bullfrogs
  2 gnoll sergeants (D:9)
  A wyvern skeleton (D:10)
  2 water moccasin skeletons (D:11)
  5 scorpions
  28 killer bees
  9 wights
  2 vampire bats (D:8)
  5 electric eels
  6 howler monkeys
  A lava snake (Swamp:4)
  A crimson imp (Depths:2)
  5 centaur zombies
  6 jellies
  A bullfrog zombie (D:6)
  4 centaur skeletons
  6 hounds
  Crazy Yiuf (D:4)
  18 orc priests
  A bullfrog skeleton (D:9)
  2 gnoll shamans
  27 orc wizards
  Jessica (D:2)
  7 hell rats (Lair:3)
  3 iguanas
  5 worker ants
  A hound zombie (D:10)
  A hound skeleton (D:8)
  2 worker ant zombies
  Robin (D:2)
  23 gnolls
  11 adders
  7 river rats (Lair:3)
  2 shadow imps (Depths:2)
  3 white imps
  5 ufetubi
  2 adder skeletons
  7 worms
  2 dart slugs
  3 leopard geckos
  92 orcs
  5 bats
  A bat skeleton (D:8)
  4 bat zombies (D:8)
  8 giant cockroaches
  16 goblins
  8 hobgoblins
  26 jackals
  19 kobolds
  12 quokkas
  A ball python (D:1)
  11 frilled lizards
  2 jackal skeletons
  23 rats
  A butterfly (Lair:3)
  7 fungi
  3 plants
  A withered plant (D:15)
1707 creatures vanquished.

Vanquished Creatures (collateral kills)
  A killer bee (Orc:1)
  A gnoll (D:9)
2 creatures vanquished.

Vanquished Creatures (others)
  A deep elf blademaster (Elf:3)
  A tengu warrior (Depths:1)
  A deep elf knight (Elf:1)
  A lindwurm (Swamp:4)
  A deep elf archer (Elf:1)
  An orb spider (Spider:3)
  A jumping spider (Spider:3)
  A blink frog (Swamp:4)
  2 slime creatures (Slime:4)
  A golden eye (shapeshifter) (Elf:1)
  A steam dragon (Swamp:4)
  4 swamp drakes (Swamp:4)
  A centaur (D:11)
  An orc (Elf:1)
  2 briar patches (Swamp:3)
  12 fungi
  32 plants
64 creatures vanquished.

Grand Total: 1773 creatures vanquished

Notes
Turn   | Place    | Note
-------+----------+-------------------------------------------
     0 | D:1      | Leibowitz the Gnoll Gladiator began the quest for the Orb.
     0 | D:1      | Reached XP level 1. HP: 20/20 MP: 1/1
   423 | D:1      | Reached XP level 2. HP: 26/26 MP: 2/2
   821 | D:2      | Found an iron altar of Okawaru.
   827 | D:2      | Became a worshipper of Warmaster Okawaru
   854 | D:2      | Reached XP level 3. HP: 31/31 MP: 3/3
  1046 | D:2      | Reached skill level 1 in Invocations
  1160 | D:2      | Noticed Jessica
  1182 | D:2      | Killed Jessica
  1182 | D:2      | Reached skill level 1 in Long Blades
  1182 | D:2      | Reached skill level 1 in Axes
  1182 | D:2      | Reached skill level 1 in Maces & Flails
  1182 | D:2      | Reached skill level 1 in Polearms
  1182 | D:2      | Reached skill level 1 in Staves
  1182 | D:2      | Reached skill level 1 in Slings
  1182 | D:2      | Reached skill level 1 in Bows
  1182 | D:2      | Reached skill level 1 in Crossbows
  1182 | D:2      | Reached skill level 1 in Armour
  1182 | D:2      | Reached skill level 1 in Stealth
  1182 | D:2      | Reached skill level 1 in Shields
  1182 | D:2      | Reached skill level 1 in Unarmed Combat
  1182 | D:2      | Reached skill level 1 in Spellcasting
  1182 | D:2      | Reached skill level 1 in Evocations
  1182 | D:2      | Reached XP level 4. HP: 34/38 MP: 5/5
  1319 | D:2      | Found a hide-covered altar of Uskayaw.
  1321 | D:2      | Noticed Robin
  1340 | D:2      | Noticed Sigmund
  1418 | D:1      | Reached skill level 1 in Conjurations
  1418 | D:1      | Reached skill level 1 in Hexes
  1418 | D:1      | Reached skill level 1 in Summonings
  1418 | D:1      | Reached skill level 1 in Necromancy
  1418 | D:1      | Reached skill level 1 in Translocations
  1418 | D:1      | Reached skill level 1 in Transmutations
  1418 | D:1      | Reached skill level 1 in Fire Magic
  1418 | D:1      | Reached skill level 1 in Ice Magic
  1418 | D:1      | Reached skill level 1 in Air Magic
  1418 | D:1      | Reached skill level 1 in Earth Magic
  1418 | D:1      | Reached skill level 1 in Poison Magic
  1932 | D:3      | Noticed a phantom
  1967 | D:3      | Killed a phantom
  1967 | D:3      | Reached * piety under Okawaru
  1967 | D:3      | Reached XP level 5. HP: 10/43 MP: 5/7
  2208 | D:3      | Reached XP level 6. HP: 50/50 MP: 8/8
  2488 | D:3      | Noticed Grinder
  2500 | D:3      | Paralysed by Grinder for 3 turns
  2630 | D:2      | Reached skill level 5 in Fighting
  2630 | D:2      | Reached skill level 5 in Throwing
  2633 | D:2      | Killed Robin
  2689 | D:2      | Killed Sigmund
  2689 | D:2      | Reached XP level 7. HP: 50/56 MP: 8/10
  2842 | D:3      | Killed Grinder
  2842 | D:3      | Reached ** piety under Okawaru
  3210 | D:3      | Found a hazy altar of Hepliaklqana.
  3870 | D:4      | Reached XP level 8. HP: 63/63 MP: 12/12
  3925 | D:4      | Found a runed translucent door.
  3926 | D:4      | Noticed Crazy Yiuf
  3935 | D:4      | Killed Crazy Yiuf
  4166 | D:4      | Found a staircase to the Ecumenical Temple.
  4287 | D:4      | Got a fine whip
  4288 | D:4      | Identified the +3 whip of Circular Logic {drain, rElec
                  | rN++} (You found it on level 4 of the Dungeon)
  4324 | D:4      | Reached *** piety under Okawaru
  4507 | D:4      | Noticed Menkaure
  4518 | D:4      | Killed Menkaure
  4746 | D:5      | Entered Level 5 of the Dungeon
  4802 | D:5      | Found Aruis's Book Emporium.
  4832 | D:5      | Noticed Blork the orc
  5026 | D:5      | Found a stormy altar of Qazlal.
  5026 | D:5      | Found a sparkling altar of Nemelex Xobeh.
  5039 | D:5      | Killed Blork the orc
  5090 | D:5      | Noticed Eustachio
  5105 | D:5      | Killed Eustachio
  5105 | D:5      | Reached XP level 9. HP: 68/69 MP: 14/14
  5180 | D:5      | Found Pytacago's Armour Shoppe.
  5299 | D:5      | Found Wuasos's Distillery.
  5489 | D:5      | Found Qachaogu's Distillery.
  5492 | D:5      | Bought a potion of mutation for 88 gold pieces
  5612 | D:6      | Found a glowing drain.
  5638 | Sewer    | Entered a sewer
  5664 | Sewer    | Noticed Purgy
  5680 | Sewer    | Killed Purgy
  6040 | D:6      | Found a radiant altar of Vehumet.
  6084 | D:6      | Found a snail-covered altar of Cheibriados.
  6136 | D:6      | Received a gift from Okawaru
  6416 | D:7      | Found a flagged portal.
  6427 | Bailey   | Entered a bailey
  6436 | Bailey   | Noticed an orc warlord
  6497 | Bailey   | Noticed an orc knight
  6585 | Bailey   | Killed an orc knight
  6585 | Bailey   | Reached **** piety under Okawaru
  6611 | Bailey   | Found a runed translucent gate.
  6613 | Bailey   | Found a runed translucent gate.
  6615 | Bailey   | Found a runed translucent gate.
  6755 | Bailey   | Killed an orc warlord
  6755 | Bailey   | Received a gift from Okawaru
  6755 | Bailey   | Reached ***** piety under Okawaru
  6755 | Bailey   | Reached skill level 5 in Long Blades
  6755 | Bailey   | Reached skill level 5 in Axes
  6755 | Bailey   | Reached skill level 5 in Maces & Flails
  6755 | Bailey   | Reached skill level 5 in Polearms
  6755 | Bailey   | Reached skill level 5 in Staves
  6755 | Bailey   | Reached skill level 5 in Slings
  6755 | Bailey   | Reached skill level 5 in Bows
  6755 | Bailey   | Reached skill level 5 in Crossbows
  6755 | Bailey   | Reached skill level 5 in Armour
  6755 | Bailey   | Reached skill level 5 in Stealth
  6755 | Bailey   | Reached skill level 5 in Shields
  6755 | Bailey   | Reached skill level 5 in Unarmed Combat
  6755 | Bailey   | Reached skill level 5 in Spellcasting
  6755 | Bailey   | Reached skill level 5 in Invocations
  6755 | Bailey   | Reached skill level 5 in Evocations
  6755 | Bailey   | Reached XP level 10. HP: 77/77 MP: 13/17
  6806 | Bailey   | Identified the Catalogue of Venom and Black Secrets
  6937 | D:7      | Received a gift from Okawaru
  7123 | D:7      | Found a basalt altar of Yredelemnul.
  7438 | D:7      | Learned a level 1 spell: Sting
  7802 | D:7      | Noticed Joseph
  7835 | D:7      | Killed Joseph
  7835 | D:7      | Received a gift from Okawaru
  8433 | D:8      | Found Viepivur's Antique Weapon Emporium.
  8437 | D:8      | Bought an ancient battleaxe for 218 gold pieces
  8442 | D:8      | Identified the +11 battleaxe of the Butterfly {vamp, rF-
                  | Str+7} (You bought it in a shop on level 8 of the Dungeon)
  8484 | D:8      | Noticed Pikel
  8489 | D:8      | Killed Pikel
  8668 | D:8      | Learned a level 2 spell: Blink
  8672 | D:8      | Learned a level 3 spell: Mephitic Cloud
  8948 | D:8      | Found an ancient bone altar of Kikubaaqudgha.
  9191 | D:9      | Noticed Maggie
  9212 | D:9      | Killed Maggie
  9212 | D:9      | Reached XP level 11. HP: 84/84 MP: 19/19
  9478 | D:9      | Noticed Erica
  9496 | D:9      | Killed Erica
  9496 | D:9      | Received a gift from Okawaru
  9496 | D:9      | Reached skill level 5 in Conjurations
  9496 | D:9      | Reached skill level 5 in Hexes
  9496 | D:9      | Reached skill level 5 in Summonings
  9496 | D:9      | Reached skill level 5 in Necromancy
  9496 | D:9      | Reached skill level 5 in Translocations
  9496 | D:9      | Reached skill level 5 in Transmutations
  9496 | D:9      | Reached skill level 5 in Fire Magic
  9496 | D:9      | Reached skill level 5 in Ice Magic
  9496 | D:9      | Reached skill level 5 in Air Magic
  9496 | D:9      | Reached skill level 5 in Earth Magic
  9496 | D:9      | Reached skill level 5 in Poison Magic
  9497 | D:9      | Found a staircase to the Lair.
  9513 | D:9      | Got a buzzing scale mail {god gift}
  9524 | D:9      | Identified the +6 scale mail "Nuyptetu" {Dex+7} (Okawaru
                  | gifted it to you on level 9 of the Dungeon)
  9529 | D:9      | Identified 2 scrolls of acquirement
  9529 | D:9      | Acquired 360 gold pieces
  9923 | D:9      | Found a staircase to the Orcish Mines.
  9985 | Orc:1    | Entered Level 1 of the Orcish Mines
  9995 | Orc:1    | Noticed an orc sorcerer
  9996 | Orc:1    | Noticed an orc warlord
  9996 | Orc:1    | Noticed an orc sorcerer
 10011 | Orc:1    | Noticed a two-headed ogre
 10013 | Orc:1    | Noticed a two-headed ogre
 10118 | Lair:1   | Entered Level 1 of the Lair of Beasts
 10202 | Lair:1   | Found a transporter.
 10234 | Lair:1   | Found a transporter.
 10236 | Lair:1   | Noticed a fire crab
 10352 | Lair:1   | You fall into a shaft and drop 1 floor!
 10953 | Lair:2   | Received a gift from Okawaru
 10956 | Lair:2   | Reached ****** piety under Okawaru
 10976 | Lair:2   | Reached XP level 12. HP: 78/94 MP: 22/22
 11070 | Lair:2   | You fall into a shaft and drop 1 floor!
 11234 | Lair:2   | Found a hole to the Spider Nest.
 11881 | Lair:3   | Found a staircase to the Swamp.
 12007 | Lair:3   | Noticed Sonja
 12015 | Lair:3   | Killed Sonja
 12052 | Lair:3   | Reached skill level 10 in Short Blades
 12052 | Lair:3   | Reached skill level 10 in Dodging
 12124 | Lair:3   | Got an ichor-stained ring mail
 12135 | Lair:3   | Identified the cursed +0 ring mail of the Modern Hosts
                  | {rN+} (You found it on level 3 of the Lair of Beasts)
 12320 | Lair:3   | Got a smoking long sword
 12321 | Lair:3   | Identified the +8 long sword of the Red Skies {freeze, rN+}
                  | (You found it on level 3 of the Lair of Beasts)
 12357 | Lair:3   | Noticed a seven-headed hydra
 12365 | Lair:3   | Killed a three-headed hydra
 12474 | Lair:3   | Received a gift from Okawaru
 12580 | Lair:3   | Got a crude robe
 12592 | Lair:3   | Identified the +1 robe of the Several Runes {Int+6} (You
                  | found it on level 3 of the Lair of Beasts)
 12606 | Lair:3   | Reached XP level 13. HP: 101/101 MP: 23/25
 13683 | Lair:4   | You fall into a shaft and drop 2 floors!
 13683 | Lair:6   | Entered Level 6 of the Lair of Beasts
 13750 | Lair:6   | Reached XP level 14. HP: 98/108 MP: 26/26
 13765 | Lair:6   | Received a gift from Okawaru
 14119 | Lair:6   | Received a gift from Okawaru
 14122 | Lair:6   | Got a dazzling short sword {god gift}
 14123 | Lair:6   | Identified the +2 short sword "Gewkaypi" {vorpal, +Rage
                  | rF++} (Okawaru gifted it to you on level 6 of the Lair of
                  | Beasts)
 14190 | Lair:6   | Reached skill level 10 in Fighting
 14190 | Lair:6   | Reached skill level 10 in Throwing
 14484 | Lair:6   | Found a staircase to the Slime Pits.
 14484 | Lair:6   | Found a viscous altar of Jiyva.
 14560 | Lair:6   | Got a pair of slimy gloves
 14579 | Lair:6   | Identified the +4 pair of gloves of the Loofah {rPois MR+}
                  | (You found it on level 6 of the Lair of Beasts)
 14802 | Lair:6   | Found the ring of Phasing {EV+8}
 14822 | Lair:6   | Got a bloodstained ring mail
 14833 | Lair:6   | Identified the +0 ring mail "Ibys" {rF+} (You found it on
                  | level 6 of the Lair of Beasts)
 15254 | Lair:5   | Received a gift from Okawaru
 15254 | Lair:5   | Reached skill level 10 in Invocations
 15267 | Lair:5   | Got a twisted halberd {god gift}
 15268 | Lair:5   | Identified the +3 halberd "Safyl" {vorpal, Dex+3} (Okawaru
                  | gifted it to you on level 5 of the Lair of Beasts)
 16525 | Lair:4   | Reached XP level 15. HP: 15/117 MP: 28/28
 17080 | D:9      | Received a gift from Okawaru
 17099 | Orc:1    | Killed an orc warlord
 17099 | Orc:1    | Received a gift from Okawaru
 17243 | Orc:1    | Noticed Nergalle
 17249 | Orc:1    | Killed Nergalle
 17338 | Orc:2    | Entered Level 2 of the Orcish Mines
 17338 | Orc:2    | Found a flickering gateway to a bazaar.
 17400 | Orc:2    | Found Eddoh's Antique Weapon Emporium.
 17418 | Bazaar   | Entered a bazaar
 17486 | Bazaar   | Found Ytuklafeto's Book Shop.
 17503 | Bazaar   | Found Uduiq's Antique Weapon Emporium.
 17519 | Bazaar   | Found Zaustok's Antique Weapon Shoppe.
 17537 | Bazaar   | Found Omit Bot's Armour Emporium.
 17711 | Orc:2    | Found Noirruwn's General Store.
 17792 | Orc:2    | Found Jynipnoi's Antique Armour Shop.
 17799 | Orc:2    | Received a gift from Okawaru
 17812 | Orc:2    | Received a gift from Okawaru
 17836 | Orc:2    | Bought a dazzling scale mail for 234 gold pieces
 17836 | Orc:2    | Bought a faintly glowing leather armour for 182 gold pieces
 17836 | Orc:2    | Bought a bloodstained leather armour for 182 gold pieces
 17846 | Orc:2    | Identified the +6 scale mail of the Shore {+Blink} (You
                  | bought it in a shop on level 2 of the Orcish Mines)
 17856 | Orc:2    | Identified the +3 leather armour of Toyjeics {rPois} (You
                  | bought it in a shop on level 2 of the Orcish Mines)
 17866 | Orc:2    | Identified the +4 leather armour of the Lair of Beasts
                  | {Int+2} (You bought it in a shop on level 2 of the Orcish
                  | Mines)
 17947 | Orc:2    | Noticed Urug
 17959 | Orc:2    | Killed Urug
 17978 | Orc:2    | Bought a brightly glowing whip for 180 gold pieces
 17978 | Orc:2    | Bought a scorched war axe for 204 gold pieces
 17978 | Orc:2    | Identified the +8 war axe "Derofon" {vorpal, *Rage Int-2
                  | Dex+8 SInv} (You bought it in a shop on level 2 of the
                  | Orcish Mines)
 17979 | Orc:2    | Identified the +8 whip "Demonbane" {vorpal, +Inv Str+3}
                  | (You bought it in a shop on level 2 of the Orcish Mines)
 18019 | Orc:2    | Found Ivag's Jewellery Shoppe.
 18031 | Orc:2    | Received a gift from Okawaru
 18041 | Orc:2    | Found a staircase to the Elven Halls.
 18044 | Orc:2    | Bought an uncursed amulet of faith for 680 gold pieces
 18395 | Orc:1    | You fall into a shaft and drop 1 floor!
 18444 | Orc:1    | Reached skill level 10 in Long Blades
 18444 | Orc:1    | Reached skill level 10 in Axes
 18444 | Orc:1    | Reached skill level 10 in Maces & Flails
 18444 | Orc:1    | Reached skill level 10 in Polearms
 18444 | Orc:1    | Reached skill level 10 in Staves
 18444 | Orc:1    | Reached skill level 10 in Slings
 18444 | Orc:1    | Reached skill level 10 in Bows
 18444 | Orc:1    | Reached skill level 10 in Crossbows
 18444 | Orc:1    | Reached skill level 10 in Armour
 18444 | Orc:1    | Reached skill level 10 in Stealth
 18444 | Orc:1    | Reached skill level 10 in Shields
 18444 | Orc:1    | Reached skill level 10 in Unarmed Combat
 18444 | Orc:1    | Reached skill level 10 in Spellcasting
 18444 | Orc:1    | Reached skill level 10 in Evocations
 18589 | D:10     | Entered Level 10 of the Dungeon
 18589 | D:10     | Noticed Erolcha
 18596 | D:10     | Killed Erolcha
 18627 | D:10     | Identified the Disquisition on Displaced Earth
 18629 | D:10     | Found a shimmering blue altar of Sif Muna.
 19045 | D:10     | Found an ancient bone altar of Kikubaaqudgha.
 19352 | D:11     | Noticed Maurice
 19359 | D:11     | Killed Maurice
 20205 | D:11     | Received a gift from Okawaru
 20429 | D:12     | Found Tarymp's Armour Shop.
 20429 | D:12     | Noticed Fannar
 20434 | D:12     | Killed Fannar
 20537 | D:12     | Found a hazy altar of Hepliaklqana.
 20763 | D:12     | Found a runed translucent gate.
 20764 | D:12     | Found a runed translucent gate.
 20764 | D:12     | Found a runed translucent gate.
 20766 | D:12     | Noticed Semad's ghost (journeyman OpCj)
 20805 | D:12     | Killed Semad's ghost
 20805 | D:12     | Reached XP level 16. HP: 106/125 MP: 30/30
 21199 | D:13     | Found a bloodstained altar of Trog.
 21938 | D:14     | Found a gate to the Vaults.
 22501 | Swamp:1  | Entered Level 1 of the Swamp
 22501 | Swamp:1  | Noticed Josephine
 22507 | Swamp:1  | Noticed a thorn hunter
 22508 | Swamp:1  | Killed Josephine
 22517 | Swamp:1  | Killed a thorn hunter
 22670 | Swamp:1  | Noticed Frances
 22689 | Swamp:1  | Killed Frances
 22988 | Swamp:1  | Noticed Kirke
 23010 | Swamp:1  | Killed Kirke
 23010 | Swamp:1  | Received a gift from Okawaru
 23013 | Swamp:1  | Got a pair of shimmering gloves {god gift}
 23024 | Swamp:1  | Identified the +2 pair of gloves "Qirr" {*Slow rElec Dex+8
                  | Stlth-} (Okawaru gifted it to you on level 1 of the Swamp)
 24943 | Swamp:3  | Noticed Aizul
 24972 | Swamp:3  | Killed Aizul
 25202 | Swamp:3  | Noticed Mara
 25209 | Swamp:3  | Noticed Leibowitz's illusion
 25220 | Swamp:3  | Killed Mara
 25538 | Swamp:3  | Noticed a thorn hunter
 25563 | Swamp:3  | Killed a thorn hunter
 25563 | Swamp:3  | Received a gift from Okawaru
 25955 | Swamp:4  | Entered Level 4 of the Swamp
 26078 | Swamp:3  | Received a gift from Okawaru
 26260 | Swamp:4  | Reached XP level 17. HP: 117/133 MP: 32/32
 26551 | Swamp:4  | Noticed Bai Suzhen
 26571 | Swamp:4  | Killed Bai Suzhen
 26614 | Swamp:4  | Paralysed by a hornet for 1 turns
 26690 | Swamp:4  | Received a gift from Okawaru
 27292 | Swamp:4  | Got a decaying rune of Zot
 27639 | Spider:1 | Entered Level 1 of the Spider Nest
 27986 | Spider:1 | Received a gift from Okawaru
 28194 | Spider:1 | Received a gift from Okawaru
 28321 | Spider:1 | Reached skill level 10 in Conjurations
 28321 | Spider:1 | Reached skill level 10 in Hexes
 28321 | Spider:1 | Reached skill level 10 in Summonings
 28321 | Spider:1 | Reached skill level 10 in Necromancy
 28321 | Spider:1 | Reached skill level 10 in Translocations
 28321 | Spider:1 | Reached skill level 10 in Transmutations
 28321 | Spider:1 | Reached skill level 10 in Fire Magic
 28321 | Spider:1 | Reached skill level 10 in Ice Magic
 28321 | Spider:1 | Reached skill level 10 in Air Magic
 28321 | Spider:1 | Reached skill level 10 in Earth Magic
 28321 | Spider:1 | Reached skill level 10 in Poison Magic
 28354 | Spider:1 | Noticed Jorgrun
 28374 | Spider:1 | Killed Jorgrun
 29154 | Spider:1 | Reached XP level 18. HP: 101/141 MP: 33/33
 29705 | Spider:2 | Received a gift from Okawaru
 30169 | Spider:2 | Noticed Donald
 30183 | Spider:2 | Killed Donald
 30741 | Spider:2 | Received a gift from Okawaru
 31219 | Spider:2 | Upgraded the game from 0.26-a0-519-gb2f46efeda to
                  | 0.26-a0-537-g96b2eae49b
 31329 | Spider:3 | Received a gift from Okawaru
 31572 | Spider:3 | Received a gift from Okawaru
 31644 | Spider:3 | Noticed Arachne
 31982 | Spider:3 | Killed Arachne
 32689 | Spider:4 | Entered Level 4 of the Spider Nest
 33004 | Spider:4 | Received a gift from Okawaru
 33028 | Spider:4 | Reached XP level 19. HP: 149/149 MP: 35/35
 33294 | Spider:4 | Got a jewelled ring mail
 33305 | Spider:4 | Identified the cursed +1 ring mail of Rotation {rF+ rN+}
                  | (You found it on level 4 of the Spider Nest)
 33722 | Spider:4 | Got a gossamer rune of Zot
 34362 | Elf:1    | Entered Level 1 of the Elven Halls
 34386 | Elf:1    | Found a radiant altar of Vehumet.
 34397 | Elf:1    | Received a gift from Okawaru
 34422 | Elf:1    | Received a gift from Okawaru
 35073 | Elf:1    | Received a gift from Okawaru
 35494 | Elf:1    | Noticed an Ice Fiend
 35496 | Elf:1    | Noticed an Ice Fiend
 35503 | Elf:1    | Noticed a Tzitzimitl
 35980 | Elf:1    | Noticed Azrael
 35992 | Elf:1    | Killed Azrael
 36017 | Elf:1    | Identified the +2 chain mail of the King of the Hill {rF++}
 36032 | Elf:1    | Found a runed translucent gate.
 36032 | Elf:1    | Found a runed translucent gate.
 36032 | Elf:1    | Found a runed translucent gate.
 36032 | Elf:1    | Found a runed translucent gate.
 36032 | Elf:1    | Found a runed translucent gate.
 36034 | Elf:1    | Found a runed translucent gate.
 36367 | Elf:1    | Found Vopeoth's Distillery.
 36401 | Elf:1    | Received a gift from Okawaru
 36404 | Elf:1    | Got a pair of encrusted boots {god gift}
 36430 | Elf:1    | Identified the +0 pair of boots of Tinweuj {-Cast rC+++ MR+
                  | rCorr} (Okawaru gifted it to you on level 1 of the Elven
                  | Halls)
 36441 | Elf:1    | Bought a potion of heal wounds for 50 gold pieces
 36441 | Elf:1    | Bought a potion of heal wounds for 50 gold pieces
 36494 | Orc:2    | Bought the ring "Zasugg" {rF+ EV+4 Str+6} for 1064 gold
                  | pieces
 36736 | Elf:1    | Noticed a Hell Sentinel
 36744 | Elf:1    | Noticed an Ice Fiend
 36952 | Elf:1    | Reached XP level 20. HP: 142/158 MP: 37/37
 37261 | Elf:2    | Found Poss's Gadget Shop.
 37263 | Elf:2    | Found Bemic's Antique Weapon Boutique.
 37263 | Elf:2    | Found Huorph's Distillery.
 37267 | Elf:2    | Found Jiha Xuwn's Armour Boutique.
 37330 | Elf:2    | Bought a condenser vane (2/2) for 340 gold pieces
 37333 | Elf:2    | Bought a potion of heal wounds for 90 gold pieces
 37333 | Elf:2    | Bought a potion of heal wounds for 90 gold pieces
 37333 | Elf:2    | Bought 2 potions of haste for 360 gold pieces
 37385 | Elf:2    | Received a gift from Okawaru
 37388 | Elf:2    | Got an ebony dagger {god gift}
 37389 | Elf:2    | Identified the +4 dagger of Tablul {elec, MR- Str+8 Dex+2
                  | SInv} (Okawaru gifted it to you on level 2 of the Elven
                  | Halls)
 37404 | Elf:2    | Found a huge runed translucent gate.
 37404 | Elf:2    | Found a huge runed translucent gate.
 37404 | Elf:2    | Found a huge runed translucent gate.
 37404 | Elf:2    | Found a huge runed translucent gate.
 37408 | Elf:2    | Found a huge runed translucent gate.
 37857 | Elf:2    | Noticed Agnes
 37880 | Elf:2    | Killed Agnes
 38433 | Elf:2    | Received a gift from Okawaru
 38900 | Elf:3    | Entered Level 3 of the Elven Halls
 39397 | Elf:2    | Upgraded the game from 0.26-a0-537-g96b2eae49b to
                  | 0.26-a0-576-gcfaa98f945
 39503 | Elf:3    | Noticed a Tzitzimitl
 40269 | Elf:3    | Received a gift from Okawaru
 40275 | Elf:3    | Found Goxi's Assorted Antiques.
 40606 | Elf:3    | Received a gift from Okawaru
 40804 | Elf:3    | Received a gift from Okawaru
 41263 | Elf:3    | HP: 7/159 [deep elf blademaster/+0 rapier of venom (16)]
 41324 | Elf:3    | Reached XP level 21. HP: 49/165 MP: 38/38
 41654 | Elf:3    | Identified the +4 plate armour of the Sacrificial Victim
                  | {MR+}
 41709 | Elf:3    | Identified the ring "Gumurph" {Fire MR++}
 41711 | Elf:3    | Identified the +3 flail "Murioworph" {flame, rPois}
 41711 | Elf:3    | Identified the +1 robe "Rorcheink" {+Blink rPois rF++ MR-}
 41730 | Elf:3    | Received a gift from Okawaru
 42502 | D:14     | Reached skill level 15 in Short Blades
 42502 | D:14     | Reached skill level 15 in Dodging
 42563 | Vaults:1 | Entered Level 1 of the Vaults
 42663 | D:14     | Acquired the +8 mithril axe "Arga" {speed, MR+}
 42664 | D:14     | Found the +8 mithril axe "Arga" {speed, MR+}
 42664 | D:14     | Acquired the ring "Footaq" {MR+ rCorr}
 42958 | Slime:1  | Entered Level 1 of the Pits of Slime
 43113 | Slime:2  | Reached skill level 15 in Invocations
 43149 | Slime:2  | Received a gift from Okawaru
 43695 | Slime:1  | Received a gift from Okawaru
 43741 | Slime:1  | Found a viscous altar of Jiyva.
 44121 | Slime:3  | Gained mutation: You are weak. (Str -2) [a shining eye]
 44122 | Slime:3  | Gained mutation: Your magical capacity is low. (-10% MP) [a
                  | shining eye]
 44134 | Slime:3  | Gained mutation: Your magical capacity is very low. (-20%
                  | MP) [a shining eye]
 45135 | Slime:5  | Entered Level 5 of the Pits of Slime
 45138 | Slime:5  | Gained mutation: You are partially covered in yellow
                  | scales. (AC +2) [a shining eye]
 45142 | Slime:5  | Gained mutation: Potions are less effective at restoring
                  | your health. [a shining eye]
 45180 | Slime:5  | Reached XP level 22. HP: 142/174 MP: 32/32
 45195 | Slime:5  | Gained mutation: You occasionally shout uncontrollably at
                  | your foes. [a shining eye]
 45199 | Slime:5  | Received a gift from Okawaru
 45318 | Slime:5  | Noticed the Royal Jelly
 45319 | Slime:5  | Found a viscous altar of Jiyva.
 45353 | Slime:5  | Received a gift from Okawaru
 45362 | Slime:5  | Killed the Royal Jelly
 45383 | Slime:5  | Gained mutation: You are frail. (-10% HP) [a shining eye]
 45448 | Slime:5  | Got a twitching jade ring
 45497 | Slime:5  | Identified the Volume of the Quantum Snowflakes
 45521 | Slime:5  | Got a transparent golden ring
 45530 | Slime:5  | Identified the Incunabulum of Lightness and Earth
 45537 | Slime:5  | Got a slimy rune of Zot
 45543 | Slime:5  | Identified the ring of Compulsion {rPois rN+} (You found it
                  | on level 5 of the Pits of Slime)
 45544 | Slime:5  | Identified the ring of Afejin {+Inv rF+ MP+9 Int+2 Stlth+}
                  | (You found it on level 5 of the Pits of Slime)
 45549 | Slime:5  | Got fine fire dragon scales
 45550 | Slime:5  | Identified the +10 fire dragon scales of Least Resistance
                  | {Harm +Fly rPois rF++ rC- Dex+5} (You found it on level 5
                  | of the Pits of Slime)
 45863 | D:15     | Entered Level 15 of the Dungeon
 45863 | D:15     | Found a gate leading to a gauntlet.
 45876 | Gauntlet | Entered a Gauntlet
 45876 | Gauntlet | Found a transporter.
 45882 | Gauntlet | Found a runed translucent door.
 45883 | Gauntlet | Found a transporter.
 45883 | Gauntlet | Found a transporter.
 45900 | Gauntlet | Found a transporter.
 45920 | Gauntlet | Found a transporter.
 45931 | Gauntlet | Received a gift from Okawaru
 45931 | Gauntlet | Reached skill level 15 in Fighting
 45931 | Gauntlet | Reached skill level 15 in Throwing
 45932 | Gauntlet | Found a transporter.
 45932 | Gauntlet | Found a transporter.
 45936 | Gauntlet | Found a runed translucent door.
 45943 | Gauntlet | Found a runed translucent door.
 45992 | Gauntlet | Found a transporter.
 46067 | Gauntlet | Got a dazzling short sword
 46067 | Gauntlet | Got a translucent helmet
 46068 | Gauntlet | Identified the cursed +0 helmet "Roinoawn" {rN+ MR+ rCorr}
                  | (You found it in a Gauntlet)
 46228 | D:15     | Found a staircase to the Depths.
 46261 | Depths:1 | Entered Level 1 of the Depths
 46275 | Depths:1 | Received a gift from Okawaru
 46539 | Depths:2 | Found Jaduoqaixt's Magic Scroll Emporium.
 46549 | Depths:2 | Found Unlukhilor's Antique Armour Shop.
 46598 | Depths:2 | Found a one-way gate leading to the halls of Pandemonium.
 46680 | Depths:2 | Noticed a juggernaut
 46693 | Depths:2 | Killed a juggernaut
 46701 | Depths:2 | Received a gift from Okawaru
 46704 | Depths:2 | Got a blackened helmet {god gift}
 46707 | Depths:2 | Identified the +8 war axe of Wyrd {drain, rC+++ rN++ Int-3
                  | Stlth+}
 46734 | Depths:2 | Identified the +6 short sword of Quick Death {drain,
                  | *Corrode Str+5} (You found it in a Gauntlet)
 46764 | Depths:2 | Identified the Papyrus of Execration
 46811 | Depths:2 | Found a magical portal.
 46818 | Depths:2 | Found Methrag's Distillery.
 46876 | WizLab   | Entered Wucad Mu's Monastery
 47036 | WizLab   | HP: 2/156 [grey draconian monk[old memories] (6)]
 47038 | WizLab   | Slain by a grey draconian monk

Illustrated notes

Levels and vault maps discovered:
D:1:      dpeg_arrival_tiny_c, layout_loops_corners, patterned_corridor
D:2:      layout_loops_ring, eat_drink_and_be_merry_uskayaw,
          okawaru_metal_pillars_1_2, uniq_sigmund, uniq_jessica, uniq_robin
D:3:      layout_loops_ring, marbit_many_paths, uniq_grinder
D:4:      layout_cave_pods, minmay_temple_entry_grid, uniq_crazy_yiuf_cottage,
          uniq_menkaure
D:5:      layout_loops_cross, gammafunk_temple_overflow_elements, serial_shops,
          nicolae_shop_waterfront, nicolae_shop_waterfront, shop_fountains,
          kennysheep_mini, uniq_eustachio, uniq_blork_the_orc
D:6:      minmay_klotski, layout_basic, vehumet_statue, kennysheep_slug_shrine,
          portal_sewer_entry_a
D:7:      layout_gridville, lemuel_doored_altar, enter_bailey_2, uniq_joseph
D:8:      layout_basic, kennysheep_vampire_church, serial_shops, shop,
          uniq_pikel
D:9:      layout_loops_corners, david_lair_generic,
          kennysheep_orc_monster_closet_entryway, uniq_maggie, uniq_erica
D:10:     layout_long_grid, basic_altar, lemuel_hellish_altar, uniq_erolcha
D:11:     layout_irregular_city, feat_on_display, uniq_maurice
D:12:     layout_gridville, basic_altar, serial_shops, shop,
          gammafunk_ghost_spectres, uniq_fannar
D:13:     layout_gridville, basic_altar, minmay_misc_feat_alley
D:14:     layout_irregular_city, lightli_vaults_fourway_checkpoint, hex_medium
D:15:     gammafunk_depths_entry_grave, layout_long_grid, serial_glass,
          glass_columns_c, glass_columns_a, gauntlet_entry_generic, drop_trap
Lair:1:   gammafunk_cloud_chamber, layout_regular_city, beast_lair_carwin_1
Lair:2:   layout_loops_ring, nicolae_spider_entry_non_spiders,
          grunt_megastairs_3
Lair:3:   lemuel_ratsnest, layout_small_grid, skrybe_swamp_entry_bodies,
          beast_lair_carwin_9, lemuel_fruit_tree, lemuel_fruit_fields,
          uniq_sonja
Lair:4:   onia_ninara_swampy_vault, layout_regular_city, minivault_19
Lair:5:   layout_loops_ring, chequers_serial_rivers_room_b,
          chequers_serial_rivers_micro_b, st_stairs_9, serial_bayou_shore_a,
          grunt_megastairs_1, infiniplex_staircase_pool
Lair:6:   minmay_lair_end_frog_pond, layout_regular_city, slime_altar_1,
          serial_bayou_shore_b
Swamp:1:  layout_basic_swamp, serial_swamp_ruin, evilmike_swamp_ruin_house_5,
          evilmike_swamp_ruin_rubble_1, uniq_kirke, uniq_frances, uniq_josephine
Swamp:2:  layout_basic_swamp, evilmike_swamp_ruin_house_1, swamp_pool2,
          hangedman_swamp_wriggling
Swamp:3:  layout_basic_swamp, hangedman_swamp_cone, uniq_mara, uniq_aizul
Swamp:4:  swamp_fiery, layout_basic_swamp, uniq_bai_suzhen
Spider:1: spider_temple_joshua, uniq_jorgrun
Spider:2: layout_chambers, uniq_donald
Spider:3: layout_spider_delve, uniq_arachne
Spider:4: spider_rune_water, drop_trap, spiders_nest_ghost_moth_duel
Slime:1:  layout_caves, basic_altar
Slime:2:  layout_caves
Slime:3:  layout_caves
Slime:4:  layout_caves, cheibrodos_slime_lost_civilization_6
Slime:5
Orc:1:    layout_diamond_mine, special_room [special_room_bee], uniq_nergalle
Orc:2:    grunt_orc_gardens, layout_caves, grunt_orc_garden, grunt_orc_garden,
          grunt_orc_garden, grunt_orc_garden, serial_shops, bzr_entry_islet,
          uniq_urug
Elf:1:    eino_elf_arrival_altar, layout_gridlike, serial_shops,
          nicolae_shop_behind_doors, orc_legates, uniq_azrael
Elf:2:    layout_geoelf_octagon, minmay_shoptagon, lemuel_elevator, uniq_agnes
Elf:3:    minmay_elf_hall_x, layout_geoelf_castle, serial_shops, shop,
          elf_orc_summit_meeting
Vaults:1: ebering_vaults_ghost_inner_flame, grunt_vaults_diagonal,
          vaults_mumra_hex, vaults_dpeg_diagonal, vaults_dpeg_ring,
          serial_ice_g, st_check, ontoclasm_vaults_pinch, vaults_room_pool,
          nicolae_vaults_ring_of_whatevers,
          vaults_standard_mumra_enter_the_diamond, grunt_vaults_hallway_long,
          layout_vaults_maze_snakey, serial_shops, nicolae_shop_crystal
Depths:1: minmay_inside_and_out, layout_small_grid, pf_hell_entry_tar_spiral,
          hangedman_abyss_entry_splay, minmay_misc_feat_square,
          kennysheep_generic_room_7, serial_bayou_shore_b
Depths:2: minmay_the_grid_net [minmay_the_grid_aliased_spiral,
          minmay_the_grid_box_x, minmay_the_grid_tree, minmay_the_grid_dragon_b,
          minmay_the_grid_plusring, minmay_the_grid_prize_trominoes],
          layout_honeycomb, serial_shops, kennysheep_little_box, shop,
          kennysheep_mini_moat, shop, grunt_pan_entry_sceptre, hell_entry,
          infiniplex_enter_wizlab_water, minmay_misc_feat_four_crosses,
          uniq_saint_roka
WizLab:   wizlab_wucad

Skill      XL: |  1  2  3  4  5  6  7  8  9 10 11 12 13 14 15 16 17 18 19 20 21 22 |
---------------+-------------------------------------------------------------------+-----
Invocations    | 1 2 3 4 5 6 7 8 9 10 11 12 13 14 15 | 15.8
Long Blades    | 1 2 3 5 6 8 9 10 11 12 13 14 | 14.6
Axes           | 1 2 3 5 6 8 9 10 11 12 13 14 | 14.6
Maces & Flails | 1 2 3 5 6 8 9 10 11 12 13 14 | 14.6
Polearms       | 1 2 3 5 6 8 9 10 11 12 13 14 | 14.6
Staves         | 1 2 3 5 6 8 9 10 11 12 13 14 | 14.6
Slings         | 1 2 3 5 6 8 9 10 11 12 13 14 | 14.6
Bows           | 1 2 3 5 6 8 9 10 11 12 13 14 | 14.6
Crossbows      | 1 2 3 5 6 8 9 10 11 12 13 14 | 14.6
Armour         | 1 2 3 5 6 8 9 10 11 12 13 14 | 14.6
Stealth        | 1 2 3 5 6 8 9 10 11 12 13 14 | 14.6
Shields        | 1 2 3 5 6 8 9 10 11 12 13 14 | 14.6
Unarmed Combat | 1 2 3 5 6 8 9 10 11 12 13 14 | 14.6
Spellcasting   | 1 2 3 5 6 8 9 10 11 12 13 14 | 14.6
Evocations     | 1 2 3 5 6 8 9 10 11 12 13 14 | 14.6
Conjurations   | 1 2 3 4 5 6 7 8 9 10 11 12 | 12.6
Hexes          | 1 2 3 4 5 6 7 8 9 10 11 12 | 12.6
Summonings     | 1 2 3 4 5 6 7 8 9 10 11 12 | 12.6
Necromancy     | 1 2 3 4 5 6 7 8 9 10 11 12 | 12.6
Translocations | 1 2 3 4 5 6 7 8 9 10 11 12 | 12.6
Transmutations | 1 2 3 4 5 6 7 8 9 10 11 12 | 12.6
Fire Magic     | 1 2 3 4 5 6 7 8 9 10 11 12 | 12.6
Ice Magic      | 1 2 3 4 5 6 7 8 9 10 11 12 | 12.6
Air Magic      | 1 2 3 4 5 6 7 8 9 10 11 12 | 12.6
Earth Magic    | 1 2 3 4 5 6 7 8 9 10 11 12 | 12.6
Poison Magic   | 1 2 3 4 5 6 7 8 9 10 11 12 | 12.6
Fighting       | 5 6 7 8 9 10 11 12 13 14 15 | 15.2
Throwing       | 5 6 7 8 9 10 11 12 13 14 15 | 15.2
Short Blades   | 7 8 9 10 11 12 13 14 15 | 15.7
Dodging        | 7 8 9 10 11 12 13 14 15 | 15.7

Action                   |  1- 3 |  4- 6 |  7- 9 | 10-12 | 13-15 | 16-18 | 19-21 | 22-24 || total
-------------------------+-------+-------+-------+-------+-------+-------+-------+-------++-------
Melee: Rapier            |    83 |   100 |   125 |       |       |       |       |       ||   308
       Bite              |     5 |    11 |    72 |    86 |   141 |   277 |   237 |    94 ||   923
       Punch             |       |     1 |    10 |     5 |    10 |    15 |    13 |     6 ||    60
       Whip              |       |       |   147 |     7 |       |       |    19 |       ||   173
       Dagger            |       |       |   124 |   128 |       |       |    47 |       ||   299
       Battleaxe         |       |       |       |   328 |   633 |  1065 |  1126 |   329 ||  3481
       Broad axe         |       |       |       |    13 |       |       |       |       ||    13
       Scimitar          |       |       |       |     4 |    57 |    78 |     1 |       ||   140
       Double sword      |       |       |       |       |       |       |     2 |       ||     2
       War axe           |       |       |       |       |       |       |       |    69 ||    69
Throw: Throwing net      |     1 |       |    10 |       |       |       |       |       ||    11
       Boomerang         |       |       |     1 |       |       |       |       |       ||     1
 Cast: Sting             |       |       |       |    13 |     1 |       |       |       ||    14
       Mephitic Cloud    |       |       |       |    10 |     2 |       |       |       ||    12
Invok: Heroism           |       |       |     3 |       |     4 |    11 |    19 |     7 ||    44
       Finesse           |       |       |       |       |     1 |       |       |       ||     1
Evoke: Wand              |       |     8 |     8 |       |     4 |     1 |       |       ||    21
  Use: Scroll            |     2 |     2 |     1 |    13 |     2 |     5 |     8 |     7 ||    40
       Potion            |       |     1 |     1 |     9 |     4 |     7 |    10 |       ||    32
 Stab: Sleeping          |     2 |     2 |     4 |    11 |    20 |    26 |    18 |     3 ||    86
       Held in net/web   |       |       |     8 |       |       |       |       |       ||     8
       Confused          |       |       |       |     4 |     5 |       |       |       ||     9
       Distracted        |       |       |       |     1 |     6 |     7 |     5 |     1 ||    20
       Invisible         |       |       |       |       |       |     1 |       |       ||     1
Armor: Leather armour    |    11 |    28 |    52 |    12 |       |       |       |       ||   103
       Robe              |       |       |       |    29 |       |       |       |       ||    29
       Scale mail        |       |       |       |   120 |   203 |   794 |    88 |       ||  1205
       Ring mail         |       |       |       |       |       |       |   133 |       ||   133
       Plate armour      |       |       |       |       |       |       |   171 |   314 ||   485
Dodge: Dodged            |    52 |    85 |   431 |   527 |  1123 |  2250 |  1401 |   592 ||  6461
       Repelled          |       |       |       |       |     7 |    16 |    42 |    10 ||    75
Block: Buckler           |       |       |       |     8 |       |       |       |       ||     8
       Rpst.: Scimitar   |       |       |       |     2 |    20 |    16 |       |       ||    38

Table legend: (Time is in decaauts)
 A = Elapsed time spent in this place.
 B = Non-inter-level travel time spent in this place.
 C = Inter-level travel time spent in this place.
 D = Time resting spent in this place.
 E = Time spent auto-exploring this place.
 F = Levels seen in this place.
 G = Mean time per level.
                   A        B        C        D        E       F      G
               +--------+--------+--------+--------+--------+-----+--------+
         Total |  47436 |  44664 |   2772 |   8783 |  22497 |  47 | 1009.3 |
       Dungeon |  14146 |  13139 |   1007 |   1831 |   7936 |  15 |  943.1 |
          Lair |   7527 |   6870 |    657 |    827 |   4253 |   6 | 1254.5 |
         Swamp |   5398 |   5165 |    233 |    929 |   3061 |   4 | 1349.5 |
   Spider Nest |   6650 |   6506 |    144 |   1890 |   2661 |   4 | 1662.5 |
    Slime Pits |   2636 |   2443 |    193 |      0 |   1641 |   5 |  527.2 |
  Orcish Mines |   1491 |   1258 |    233 |      6 |    698 |   2 |  745.5 |
   Elven Halls |   7826 |   7522 |    304 |   3227 |   1838 |   3 | 2608.7 |
        Vaults |      1 |      1 |      0 |      0 |      0 |   1 |    1.0 |
        Depths |    585 |    585 |      0 |      0 |     58 |   2 |  292.5 |
        Bazaar |    145 |    145 |      0 |      0 |    124 |   1 |  145.0 |
         Sewer |    222 |    222 |      0 |      0 |    144 |   1 |  222.0 |
        Bailey |    404 |    404 |      0 |     26 |     19 |   1 |  404.0 |
        Wizlab |    147 |    147 |      0 |     32 |     50 |   1 |  147.0 |
      Gauntlet |    250 |    250 |      0 |     13 |     11 |   1 |  250.0 |
               +--------+--------+--------+--------+--------+-----+--------+

Top non-repeatable levels by time:
   Elf:1: 2660 daAuts
   Elf:2: 2604 daAuts
   Elf:3: 2561 daAuts
Spider:1: 1998 daAuts
 Swamp:3: 1744 daAuts
Spider:2: 1711 daAuts
  Lair:3: 1630 daAuts
  Lair:6: 1547 daAuts
 Swamp:4: 1538 daAuts
Spider:3: 1502 daAuts
  Lair:4: 1462 daAuts
Spider:4: 1438 daAuts
     D:4: 1379 daAuts
     D:7: 1335 daAuts
     D:9: 1208 daAuts
